 Dungeon Crawl Stone Soup version 0.32-a0-40-g2adb59ae06 (webtiles) character file.

Game seed: 14620061343224846602

83 CowFu the Conjurer (level 4, 0/49 HPs)
             Began as a Draconian Conjurer on Jan 24, 2024.
             Was an Initiate of Vehumet.
             Succumbed to an adder's poison
             ... on level 3 of the Dungeon.
             The game lasted 00:06:15 (2203 turns).

CowFu the Conjurer (Draconian Conjurer)             Turns: 2203, Time: 00:06:16

Health: 0/49       AC:  6    Str:  9    XL:     4   Next: 22%
Magic:  0/7        EV: 12    Int: 21    God:    Vehumet [......]
Gold:   86         SH:  0    Dex:  9    Spells: 6/8 levels left

rFire   . . .        b - staff of air
rCold   . . .        (no shield)
rNeg    . . .        (body armour unavailable)
rPois   .            (helmet restricted)
rElec   +            h - +0 cloak
rCorr   .            (no gloves)
SInv    .            (no boots)
Will    .....        (no amulet) Stlth
                     (no ring)
HPRegen 0.28/turn    (no ring)
MPRegen 0.10/turn

%: no passive effects
@: berserking, lethally poisoned (0 -> -2), quick
A: AC +5, unfitting armour, cold-blooded, hooves 1, low MP 1, sense surroundings
1
a: Renounce Religion


You were on level 3 of the Dungeon.
You worshipped Vehumet.
Vehumet was noncommittal.
You visited 1 branch of the dungeon, and saw 3 of its levels.

You collected 86 gold pieces.

Inventory:

Armour
 h - a +0 cloak (worn)
Magical Staves
 b - a staff of air (weapon)
Scrolls
 c - 5 scrolls of identify {unknown}
 d - a scroll of immolation {unknown}
 e - a scroll of blinking {unknown}
 f - a scroll of enchant weapon {unknown}
 g - a scroll of fear {unknown}
 k - 4 scrolls of teleportation {unknown}
Potions
 a - a potion of magic


   Skills:
 - Level 1.7 Dodging
 - Level 1.7 Stealth
 + Level 2.5 Spellcasting
 - Level 5.0 Conjurations
 + Level 1.4 Air Magic
 + Level 1.0 Evocations


You had 6 spell levels left.
You knew the following spells:

 Your Spells              Type           Power      Damage    Failure   Level
a - Magic Dart            Conj           92%        1d7       1%          1
b - Shock                 Conj/Air       96%        1d9       3%          1

Your spell library contained the following spells:

 Spells                   Type           Power      Damage    Failure   Level
 Searing Ray              Conj           46%        2d6       2%          2
 Freeze                   Ice            8%         1d3       14%         1
 Hailstorm                Conj/Ice       13%        3d6       16%         3
 Jinxbite                 Hex            4%         N/A       22%         2
 Swiftness                Air            12%        N/A       24%         3
 Frozen Ramparts          Ice            4%         1d1       38%         3
 Fulminant Prism          Conj/Alch      6%         3d6       45%         4
 Iskenderun's Mystic Bla  Conj/Tloc      13%        2d5       45%         4
 Airstrike                Air            6%         2d(1-17)  61%         4
 Yara's Violent Unravell  Hex/Alch       1%         3d3       98%         5
 Enfeeble                 Hex            1%         N/A       100%        7


Dungeon Overview and Level Annotations

Branches:
Dungeon (3/15)

Altars:
Vehumet


Innate Abilities, Weirdness & Mutations

Your plain brown scales are hard. (AC +5)
You cannot fit into any form of body armour.
You are cold-blooded and may be slowed by cold attacks.
You have large cloven feet.
Your magical capacity is low. (-10% MP)
You passively map a small area around you.


Message History

Your unstable footing causes you to fumble your attack.
You feel sick. The adder closely misses you.
You hit the adder.
The adder is severely wounded.
You feel sick. The adder bites you but does no damage.
The adder completely misses you.
Your unstable footing causes you to fumble your attack.
You feel sick.
The adder bites you but does no damage. x2
Your unstable footing causes you to fumble your attack.
You feel sick. The adder bites you.
* * * LOW HITPOINT WARNING * * *
You are lethally poisoned!
The adder poisons you!
Casting: Shock (safe; 3% risk of failure)
Confirm with . or Enter, or press ? or * to list all spells.
Aiming: Shock (safe; 3% risk of failure)
Press: ? - help, Shift-Dir - straight line, f - adder
Aim: an adder (severely wounded, 57% to hit)
You feel a surge of power!
The zap hits the adder.
You kill the adder!
Vehumet accepts your kill.
* * * LOW HITPOINT WARNING * * *
You feel sick.
Your Evocations skill increases to level 1!
It was a potion of mutation.
You feel extremely strange.
Your feet thicken and deform.
You feel less energetic.
You feel a strange attunement to the structure of the dungeons.
* * * LOW HITPOINT WARNING * * *
You feel sick.
It was a potion of berserk rage.
A red film seems to cover your vision as you go berserk!
You feel yourself moving faster!
You feel mighty!
* * * LOW HITPOINT WARNING * * *
You feel sick.
You are too berserk!
You feel a strong urge to attack something.
* * * LOW HITPOINT WARNING * * *
You feel sick.
You see here an adder corpse.
You die...

#.....# #.#
#.##†#
#.....####.#
#.##.#
######.....#
#.##.# #.#####
#.##.#
#.###~######~##
#.##~~~~ #~~~#
#.#*~~~ #~~~#
#.# #†# ##~##
#.# #@# #†# #.#
#†# ~#~#
#.###~##~ ##~##
#.##~~~####~~~#
#.##~~~~~~~†~~#
#.###~######~##
#...### ###
#.### ###


There were no monsters in sight!

Vanquished Creatures
  2 adders
  3 ribbon worms (D:3)
  2 dart slugs
  6 bats
  4 endoplasms (D:1)
  A giant cockroach (D:2)
  5 goblins
  2 hobgoblins
  3 quokkas
  6 ball pythons
  6 frilled lizards
  9 kobolds
  5 rats
54 creatures vanquished.

Notes
Turn   | Place    | Note
-------+----------+-------------------------------------------
     0 | D:1      | CowFu the Draconian Conjurer began the quest for the Orb.
     0 | D:1      | Reached XP level 1. HP: 14/14 MP: 3/3
   256 | D:1      | Reached XP level 2. HP: 20/20 MP: 1/5
  1101 | D:1      | Learned a level 1 spell: Shock
  1108 | D:2      | Reached XP level 3. HP: 26/26 MP: 0/6
  1166 | D:2      | Reached skill level 5 in Conjurations
  1675 | D:2      | Reached skill level 1 in Air Magic
  1758 | D:2      | Found a radiant altar of Vehumet.
  1960 | D:2      | Became a worshipper of Vehumet
  2145 | D:3      | Reached XP level 4. HP: 28/33 MP: 0/7
  2200 | D:3      | Reached skill level 1 in Evocations
  2200 | D:3      | Gained mutation: You have large cloven feet. [potion of
                  | mutation]
  2200 | D:3      | Gained mutation: Your magical capacity is low. (-10% MP)
                  | [potion of mutation]
  2200 | D:3      | Gained mutation: You passively map a small area around you.
                  | [potion of mutation]
  2201 | D:3      | HP: 1/49 [poisoned by an adder]
  2203 | D:3      | Succumbed to an adder's poison

Illustrated notes

Levels and vault maps discovered:
D:1:      wander_arrival_estate, layout_basic, minmay_pentomino_u4
D:2:      layout_rooms, basic_altar
D:3:      layout_basic, gup_sewer_entry_bubbles, st_stairs_13,
          kennysheep_minor_cross, minmay_misc_feat_rugged, uniq_sigmund

Skill      XL: |  1  2  3  4 |
---------------+-------------+-----
Conjurations   | 5 |  5.0
Air Magic      | 1 |  1.4
Evocations     | 1 |  1.0
Dodging        | |  1.7
Stealth        | |  1.7
Spellcasting   | |  2.5

Action                     |  1- 3 |  4- 6 || total
---------------------------+-------+-------++-------
  Melee: Staff             |    22 |    34 ||    56
         Tailslap          |     5 |     5 ||    10
   Cast: Magic Dart        |    70 |       ||    70
         Shock             |    20 |     6 ||    26
    Use: Potion            |       |     2 ||     2
 Armour: Skin              |    27 |    20 ||    47
  Dodge: Dodged            |    18 |    15 ||    33

Table legend: (Time is in decaauts)
 A = Elapsed time spent in this place.
 B = Non-inter-level travel time spent in this place.
 C = Inter-level travel time spent in this place.
 D = Time resting spent in this place.
 E = Time spent auto-exploring this place.
 F = Levels seen in this place.
 G = Mean time per level.
                   A        B        C        D        E       F      G
               +--------+--------+--------+--------+--------+-----+--------+
         Total |   2223 |   2178 |     45 |      0 |   1641 |   3 |  741.0 |
       Dungeon |   2223 |   2178 |     45 |      0 |   1641 |   3 |  741.0 |
               +--------+--------+--------+--------+--------+-----+--------+

Top non-repeatable levels by time:
     D:1: 1158 daAuts
     D:2: 809 daAuts
     D:3: 255 daAuts
